 Dungeon Crawl Stone Soup version 0.29.1-4-g47bece8355 (webtiles) character file.

Game seed: 16832175555053277638

31 LustLizard the Insei (level 3, -2/34 HPs)
             Began as an Octopode Transmuter on Dec 6, 2022.
             Slain by an adder (3 damage)
             ... on level 2 of the Dungeon.
             The game lasted 00:02:00 (948 turns).

LustLizard the Insei (Octopode Transmuter)           Turns: 948, Time: 00:02:00

Health: -2/34      AC: 21    Str:  9    XL:     3   Next: 22%
Magic:  4/6        EV:  2    Int: 17    God:
Gold:   87         SH:  0    Dex: 12    Spells: 2/6 levels left

rFire   . . .      SeeInvis .     - Unarmed
rCold   . . .      Faith    .   (no shield)
rNeg    . . .      Spirit   .   (helmet currently unavailable)
rPois   +          Reflect  .   (no amulet)
rElec   .          Harm     .   k - +4 ring of evasion
rCorr   .          Rampage  .   (no ring)
Will    .....      NoTele   +   (no ring)
Stlth   +.........              (no ring)
HPRegen 0.11/turn               (no ring)
MPRegen 0.10/turn               (no ring)
                                (no ring)
                                (no ring)

@: tree-form
A: stationary, stasis, torment immunity, boosted hp, almost no armour,
(amphibious), 8 rings, (camouflage 1), (gelatinous body 1), (nimble swimmer 1),
(tentacles)
a: no special abilities


You were on level 2 of the Dungeon.
You were a tree.
You visited 1 branch of the dungeon, and saw 2 of its levels.

You collected 87 gold pieces.

Inventory:

Jewellery
 k - a +4 ring of evasion (left branch)
Scrolls
 c - a scroll of enchant armour {unknown}
 d - 2 scrolls of blinking
 f - 2 scrolls of amnesia {unknown}
 g - a scroll of fear {unknown}
 h - a scroll of enchant weapon {unknown}
 j - 2 scrolls of identify {unknown}
Potions
 b - 2 potions of heal wounds {unknown}
 e - 2 potions of cancellation {unknown}
 i - a potion of curing {unknown}


   Skills:
 - Level 1.0 Fighting
 - Level 2.0 Dodging
 * Level 3.4 Unarmed Combat
 + Level 2.2 Spellcasting
 * Level 2.5 Transmutations
 * Level 0.9 Ice Magic


You had 2 spell levels left.
You knew the following spells:

 Your Spells              Type           Power      Damage    Failure   Level
a - Beastly Appendage     Tmut           20%        N/A       7%          1
b - Freeze                Ice            20%        1d4       13%         1
c - Wereblood             Tmut           10%        N/A       10%         2

Your spell library contained the following spells:

 Spells                   Type           Power      Damage    Failure   Level
 Spider Form              Tmut/Pois      6%         N/A       32%         3
 Frozen Ramparts          Ice            10%        1d2       36%         3
 Ice Form                 Ice/Tmut       7%         N/A       67%         4
 Hailstorm                Conj/Ice       3%         3d3       83%         4


Dungeon Overview and Level Annotations

Branches:
Dungeon (2/15)

Altars:


Innate Abilities, Weirdness & Mutations

You are a tree.
Your roots penetrate the ground, keeping you stationary.
You cannot be teleported.
You are immune to unholy pain and torment.
Your maximum health is greatly increased.
You cannot wear most types of armour.
((You are amphibious.))
You can wear up to eight rings at the same time.
((Your skin changes colour to match your surroundings (Stealth+).))
((Your rubbery body absorbs attacks. (AC +1, EV +1)))
((You are camouflaged when in or above water. (Stealth+)))
((You have tentacles for arms and can constrict up to eight enemies at once.))


Message History

* * * LOW HITPOINT WARNING * * *
You feel sick.
You hit the adder. You punch the adder.
The adder is severely wounded.
* * * LOW HITPOINT WARNING * * *
You feel sick. The adder barely misses you.
The frilled lizard enters a dispersal trap!
The adder blinks! x4; You feel a strange sense of stasis.
The frilled lizard blinks!
The adder enters a dispersal trap!
The adder blinks!
The frilled lizard blinks!
You feel a strange sense of stasis.
The adder blinks!
The adder bites you but does no damage.
You smack the adder!
You kill the adder!
* * * LOW HITPOINT WARNING * * *
You feel sick.
You have reached level 3!
Your experience leads to an increase in your attributes!
Increase (S)trength, (I)ntelligence, or (D)exterity?
You feel clever. x2
Okay, then.
Okay, then.
You feel sick.
You feel sick.
You feel sick. The adder bites you but does no damage.
You closely miss the adder.
The adder is moderately wounded.
You feel sick.
You are no longer poisoned.
The adder bites you.
* * * LOW HITPOINT WARNING * * *
You hit the adder but do no damage.
The adder is moderately wounded.
The adder bites you but does no damage.
You closely miss the adder.
The adder is moderately wounded.
The adder bites you but does no damage. x2
You closely miss the adder.
The adder is moderately wounded.
The adder bites you.
You die...

#..................# #.......#
########...........##.......#.#
#........#..###..........#..
#.###....#...........
#########.#######
............... #...#..$.####..
#. #..S.# #..♣†#####
##.^.....[# #)l.#....#
#...#....# ##..# ...# #!.# ##.#
##.. l. #.. ##.


You could see an adder and a frilled lizard.

Vanquished Creatures
  An adder (D:2)
  A dart slug (D:1)
  A ball python (D:1)
  3 bats
  2 endoplasms
  4 goblins
  2 hobgoblins
  A quokka (D:1)
  A kobold (D:2)
  A rat (D:1)
17 creatures vanquished.

Notes
Turn   | Place    | Note
-------+----------+-------------------------------------------
     0 | D:1      | LustLizard the Octopode Transmuter began the quest for the
                  | Orb.
     0 | D:1      | Reached XP level 1. HP: 13/13 MP: 3/3
   261 | D:1      | Reached XP level 2. HP: 15/18 MP: 3/5
   302 | D:1      | Learned a level 1 spell: Freeze
   305 | D:1      | Learned a level 2 spell: Wereblood
   942 | D:2      | Reached XP level 3. HP: 6/23 MP: 4/6
   945 | D:2      | HP: 1/34 [adder (2)]
   948 | D:2      | Slain by an adder

Illustrated notes

Levels and vault maps discovered:
D:1:      saegor_arrival_simple_d, layout_basic
D:2:      minmay_recursive_quarters, layout_basic, uniq_crazy_yiuf_cottage

Action                   || total
-------------------------++-------
Melee: Unarmed           ||    35
       Constrict         ||     8
       Kick              ||     8
       Punch             ||     3
       Tentacles         ||     3
 Cast: Beastly Appendage ||    10
       Wereblood         ||     1
  Use: Scroll            ||     1
       Potion            ||     1
Armor: Skin              ||     9
Dodge: Dodged            ||    18
